 Dungeon Crawl Stone Soup version 0.30-a0-691-g754fce4c43 (webtiles) character file.

Game seed: 15773778969586274830

258 bmack86 the Chopper (level 5, 0/47 HPs)
             Began as a Minotaur Fighter on Jan 20, 2023.
             Slain by a gnoll sergeant
             ... wielding a +3 heavy spear
              (7 damage)
             ... on level 3 of the Dungeon.
             The game lasted 00:06:03 (1934 turns).

bmack86 the Chopper (Minotaur Fighter)              Turns: 1934, Time: 00:06:03

Health: 0/47       AC:  9    Str: 23    XL:     5   Next: 94%
Magic:  4/4        EV:  7    Int:  5    God:
Gold:   193        SH:  4    Dex:  9    Spells: 4/4 levels left

rFire   . . .      SeeInvis .    a - +0 war axe
rCold   . . .      Faith    .    c - +0 buckler
rNeg    . . .      Spirit   .    n - +0 chain mail
rPois   .          Reflect  .    (helmet restricted)
rElec   .          Harm     .    (no cloak)
rCorr   .          Rampage  .    (no gloves)
Will    .....                    (no boots) Stlth
                                 (no amulet)
HPRegen 0.27/turn                (no ring)
MPRegen 0.09/turn                (no ring)

@: no status effects
A: horns 2, retaliatory headbutt
a: no special abilities


You were on level 3 of the Dungeon.
You visited 1 branch of the dungeon, and saw 4 of its levels.

You collected 193 gold pieces.

Inventory:

Hand Weapons
 a - a +0 war axe (weapon)
Missiles
 e - 3 poisoned darts (quivered)
Armour
 b - a +0 scale mail
 c - a +0 buckler (worn)
 n - a +0 chain mail (worn)
Jewellery
 i - an amulet of faith
Wands
 p - a wand of roots (10)
 s - a wand of polymorph (3)
Scrolls
 g - 2 scrolls of teleportation {unknown}
 k - 2 scrolls of enchant armour {unknown}
 l - a scroll of amnesia {unknown}
 m - a scroll of fog {unknown}
 q - a scroll of magic mapping {unknown}
Potions
 d - a potion of might
 f - 2 potions of heal wounds
 h - 2 potions of attraction {unknown}
 j - a potion of brilliance
 o - a potion of resistance {unknown}
 r - a potion of lignification {unknown}


   Skills:
 + Level 4.5 Fighting
 * Level 4.8 Axes
 + Level 2.0 Throwing
 + Level 4.5 Armour
 + Level 4.7 Shields


You had 4 spell levels left.
You didn't know any spells.
Your spell library contained the following spells:

 Spells                   Type           Power      Damage    Failure   Level
 Apportation              Tloc           0%         N/A       99%         1
 Beastly Appendage        Tmut           0%         N/A       99%         1
 Necrotise                Necr           0%         1d4       99%         1
 Summon Small Mammal      Summ           0%         N/A       99%         1
 Wereblood                Tmut           0%         N/A       100%        2
 Spider Form              Tmut/Pois      0%         N/A       100%        3


Dungeon Overview and Level Annotations

Branches:
Dungeon (4/15)
 Temple: D:4-7

Altars:
Vehumet

Shops:
D:2 :

Annotations:
D:3 1 runed translucent door, Caestello's ghost, weakling AtWr
D:4 acebull12's ghost, amateur FoFi


Innate Abilities, Weirdness & Mutations

You have a pair of horns on your head.
You reflexively headbutt those who attack you in melee.


Message History

You kill the gnoll!
The gnoll hits you from afar with a +0 spear.
You block the gnoll's attack. The gnoll hits you with a +0 halberd.
An iguana comes into view.
You closely miss the gnoll.
The gnoll is moderately wounded.
You barely miss the gnoll.
The iguana hisses angrily.
The gnoll hits you from afar with a +0 spear.
The gnoll hits you but does no damage. x2
The gnoll sergeant hits you from afar with a +3 heavy spear.
The gnoll hits you from afar with a +0 spear.
* * * LOW HITPOINT WARNING * * *
The gnoll hits you with a +0 halberd.
* * * LOW HITPOINT WARNING * * *
The gnoll hits you with a +0 club.
* * * LOW HITPOINT WARNING * * *
You slash the gnoll!
You kill the gnoll!
You hit the gnoll. You slash the hobgoblin!
You kill the hobgoblin!
You block the gnoll sergeant's attack. The gnoll hits you but does no damage.
The gnoll hits you with a +0 club.
* * * LOW HITPOINT WARNING * * *
An adder comes into view.
You barely miss the gnoll.
The gnoll is moderately wounded.
You block the gnoll's attack. The gnoll hits you with a +0 club.
* * * LOW HITPOINT WARNING * * *
The gnoll sergeant completely misses you.
The gnoll closely misses you. You block the gnoll's attack.
You closely miss the gnoll. Your headbutt misses the gnoll.
The gnoll is moderately wounded.
The gnoll hits you with a +0 club.
* * * LOW HITPOINT WARNING * * *
The gnoll barely misses you.
You hit the gnoll but do no damage.
The gnoll is moderately wounded.
The gnoll sergeant hits you from afar with a +3 heavy spear!
You die...

#.#.#..# #.#.#..# ###
#.#....# #♣8♣#
#....######## #W$.#
#............
##+######.....#####.#
...(....##....'...#
#...###.##....###.#
##..# .###....#@.#
##.###..#######g##
###......#...g.ggg.....#
......##.#...§.........#
.........#.........$...#
....>....#....≈§≈§§....#
......####......≈S.....#
###......#.....$§?.....#
######.+..≈≈≈≈⌠≈≈≈≈..'


You could see a gnoll sergeant, 2 gnolls, an adder and a goblin.

Vanquished Creatures
  A sky beast (D:4)
  A jelly (D:4)
  Robin (D:2)
  2 gnolls (D:3)
  3 adders
  2 dart slugs
  4 bats
  4 endoplasms
  3 giant cockroaches (D:4)
  18 goblins
  9 hobgoblins
  7 jackals
  3 quokkas
  6 ball pythons
  5 frilled lizards
  3 kobolds (D:1)
  5 rats
77 creatures vanquished.

Notes
Turn   | Place    | Note
-------+----------+-------------------------------------------
     0 | D:1      | bmack86 the Minotaur Fighter began the quest for the Orb.
     0 | D:1      | Reached XP level 1. HP: 19/19 MP: 0/0
   132 | D:1      | Reached XP level 2. HP: 17/27 MP: 1/1
   439 | D:1      | Reached XP level 3. HP: 29/33 MP: 2/2
   700 | D:1      | Reached skill level 1 in Throwing
  1187 | D:2      | Found Uvoskyje's Book Shop.
  1242 | D:2      | You fall into a shaft and drop 2 floors!
  1252 | D:4      | Noticed a sky beast
  1259 | D:4      | Killed a sky beast
  1260 | D:4      | Reached XP level 4. HP: 23/40 MP: 3/3
  1260 | D:4      | Reached XP level 5. HP: 26/46 MP: 4/4
  1335 | D:4      | Noticed acebull12's ghost (amateur FoFi)
  1388 | D:4      | Found a radiant altar of Vehumet.
  1467 | D:3      | Found a runed translucent door.
  1475 | D:3      | Noticed Caestello's ghost (weakling AtWr)
  1605 | D:2      | Noticed Robin
  1629 | D:2      | Killed Robin
  1934 | D:3      | Slain by a gnoll sergeant

Illustrated notes

Levels and vault maps discovered:
D:1:      matt_arrival_grand_opening, layout_basic
D:2:      layout_loops_cross, serial_shops, shop, uniq_robin
D:3:      kennysheep_goblin_castle, layout_basic, gammafunk_ghost_grave,
          kennysheep_generic_room_16
D:4:      layout_cave_pools, vehumet_crystals, gammafunk_ghost_icy, minmay_puff

Skill      XL: |  1  2  3  4  5 |
---------------+----------------+-----
Axes           | 3 4 |  4.8
Shields        | 4 |  4.7
Throwing       | 1 2 |  2.0
Fighting       | 4 |  4.5
Armour         | 4 |  4.5

Action                   |  1- 3 |  4- 6 || total
-------------------------+-------+-------++-------
Melee: War axe           |    77 |    62 ||   139
       Headbutt          |    10 |     5 ||    15
  Use: Scroll            |     2 |       ||     2
Armor: Scale mail        |    40 |       ||    40
       Chain mail        |    14 |    58 ||    72
       Skin              |       |     4 ||     4
Dodge: Dodged            |    47 |    27 ||    74
Block: Buckler           |    23 |    21 ||    44

Table legend: (Time is in decaauts)
 A = Elapsed time spent in this place.
 B = Non-inter-level travel time spent in this place.
 C = Inter-level travel time spent in this place.
 D = Time resting spent in this place.
 E = Time spent auto-exploring this place.
 F = Levels seen in this place.
 G = Mean time per level.
                   A        B        C        D        E       F      G
               +--------+--------+--------+--------+--------+-----+--------+
         Total |   1983 |   1938 |     45 |     71 |   1154 |   4 |  495.8 |
       Dungeon |   1983 |   1938 |     45 |     71 |   1154 |   4 |  495.8 |
               +--------+--------+--------+--------+--------+-----+--------+

Top non-repeatable levels by time:
     D:1: 805 daAuts
     D:2: 754 daAuts
     D:4: 227 daAuts
     D:3: 196 daAuts
